 Dungeon Crawl Stone Soup version 0.14-a0-1863-gcc20582 (webtiles) character file.

1031930 4tharraofdagon the Swordmaster (level 27, -3/252 (268) HPs)
             Began as a Centaur Gladiator on Jan 12, 2014.
             Was the Champion of the Shining One.
             Slain by a sphinx (18 damage)
             ... on Level 1 of the Tomb of the Ancients on Jan 13, 2014.
             The game lasted 10:16:43 (56861 turns).

4tharraofdagon the Swordmaster (Centaur Gladiator) Turns: 56861, Time: 10:16:44

HP  -3/252 (268) AC 31     Str 31      XL: 27
MP  32/32        EV  7     Int  3      God: the Shining One [******]
Gold 4149        SH 34     Dex  8      Spells:  0 memorised, 34 levels left

rFire  + + .     SeeInvis .     M - +7 Blessed Blade
rCold  + + .     Clarity  .     Y - +4 troll leather armour
rNeg   + + +     Conserve +     u - +5 shield of Resistance {rF+ rC+ MR+}
rPois  +         rCorr    +     k - +2 hat of the Alchemist {rElec rF+ rC+ MR+}
rElec  +         rRot     .     o - +2 cloak {rCorr, Cons}
SustAb + .       Spirit   .     U - +0 pair of gloves
rMut   .         Warding  .     G - +4 centaur barding
Saprov . . .     Stasis   +     c - amulet of stasis
MR     ++++.                    F - ring of sustain abilities
                                l - ring of poison resistance

@: glowing, very quick, incredibly resistant to hostile enchantments, extremely
unstealthy
A: hooves 3, berserk 2, clumsy 1, deformed body, deterioration 1, dopey 2,
herbivore 1, speed 2, fast metabolism 1, low mp 2, magic resistance 1,
teleportitis 2, tough skin 3
a: Divine Shield, Cleansing Flame, Summon Divine Warrior, Renounce Religion
}: 14/15 runes: barnacled, slimy, silver, iron, obsidian, icy, bone, abyssal,
demonic, glowing, magical, fiery, dark, gossamer


You were on level 1 of the Tomb of the Ancients.
You worshipped the Shining One.
The Shining One was exalted by your worship.
You were not hungry.

You visited 17 branches of the dungeon, and saw 90 of its levels.
You visited Pandemonium 1 time, and saw 52 of its levels.
You visited the Abyss 3 times.
You visited 1 bazaar.
You also visited: Labyrinth, Sewer, Bailey and Volcano.

You collected 12392 gold pieces.
You spent 8243 gold pieces at shops.

Inventory:

Hand weapons
 M - a +7,+7 Blessed Blade (weapon)
Armour
 k - the +2 hat of the Alchemist (worn) {rElec rF+ rC+ MR+}
   (You bought it in a shop in a bazaar)

   It protects you from fire.
   It protects you from cold.
   It insulates you from electricity.
   It affects your resistance to hostile enchantments.
 o - a +2 cloak of preservation (worn)
 u - the +5 shield of Resistance (worn) {rF+ rC+ MR+}
   (You bought it in a shop on level 1 of the Elven Halls)

   It protects you from fire.
   It protects you from cold.
   It affects your resistance to hostile enchantments.
 G - a +4 centaur barding (worn)
 I - the +13 pearl dragon armour "Ghuibbou" {rN+ Str-3 Int+3}
   (You found it on level 7 of Tartarus)

   It affects your strength (-3).
   It affects your intelligence (+3).
   It protects you from negative energy.
 U - a +0 pair of gloves (worn)
 Y - a +4 troll leather armour (worn)
Magical devices
 p - a wand of digging (20)
 A - a wand of hasting (8)
 J - a wand of disintegration (24)
Comestibles
 d - 15 bread rations
Scrolls
 e - 3 scrolls of noise
 f - a scroll of silence
 y - 3 scrolls of teleportation
 B - a scroll of fog
 L - a scroll of blinking
 O - a scroll of vulnerability
 R - 2 scrolls of magic mapping
 X - 6 scrolls of remove curse
Jewellery
 a - an uncursed ring of fire
 c - an amulet of stasis (around neck)
 l - a ring of poison resistance (left hand)
 n - an uncursed ring of flight
 q - an uncursed ring of teleportation
 F - a ring of sustain abilities (right hand)
 H - a +0,+9 ring of slaying
 Q - an uncursed amulet of rage
 S - the ring of Voysmis {+cTele Hunger+ Dam+6}
   (You found it in a labyrinth)

   [ring of teleport control]

   It affects your damage-dealing abilities (+6).
   It greatly speeds your metabolism.
Potions
 b - 3 potions of heal wounds
 g - 5 potions of brilliance
 i - 9 potions of curing
 m - 7 potions of restore abilities
 x - 4 potions of resistance
 T - 3 potions of might
 Z - 4 potions of magic
Miscellaneous
 h - a lamp of fire
 j - a phial of floods
 r - a phial of floods
 s - a phial of floods
 t - a fan of gales
 v - a fan of gales
 z - a lamp of fire
 C - a phial of floods
 D - a phial of floods
 E - a fan of gales
 N - a phial of floods
 W - a phial of floods
Rods
 w - a +9 rod of frigid destruction (9/9)
   (You found it on level 7 of the Iron City of Dis)
 K - a +5 rod of inaccuracy (10/10)
   (You found it in a labyrinth)
 P - a cursed +3 rod of warding (13/13)
   (You took it off a deep elf high priest on level 3 of the Elven Halls)
 V - a +6 rod of destruction (9/9)
   (You found it in a labyrinth)


   Skills:
 + Level 25.7 Fighting
 O Level 27 Long Blades
 - Level 2.6 Throwing
 + Level 19.3 Armour
 - Level 2.1 Dodging
 - Level 15.0 Shields
 - Level 4.1 Spellcasting
 - Level 13.0 Invocations
 - Level 18.0 Evocations


You had 34 spell levels left.
You didn't know any spells.

Dungeon Overview and Level Annotations

Branches:
Dungeon (16/16)            Temple (1/1) D:4             Orc (4/4) D:12
    Elf (3/3) Orc:3          Lair (8/8) D:10         Shoals (5/5) Lair:3
 Spider (5/5) Lair:6        Slime (6/6) Lair:6       Vaults (5/5) D:15
   Tomb (1/3) Forest:2       Hell (1/1)                 Dis (7/7) Hell
    Geh (7/7) Hell            Coc (7/7) Hell            Tar (7/7) Hell
 Forest (2/5) Vaults:2     Depths (5/6) D:16
  Blade: Vaults:3-4

Altars:
Ashenzari
Cheibriados
Elyvilon
Fedhas
Kikubaaqudgha
Makhleb
Sif Muna
Trog
Vehumet
Xom
Yredelemnul
Zin
the Shining One
Beogh
Jiyva

Shops:
D:7 *![?*   D:9 :[!   D:10 (   D:12 [   D:13 /   Orc:4 =[*(/   Elf:1 /[:
Vaults:3 ?   Depths:1 =

Portals:
Hell: Depths:1 Depths:3
Abyss: Depths:1
Pandemonium: Depths:3

Annotations:
D:4 Edmund
Shoals:5 Ilsuiw
Dis:7 Dispater
Coc:7 exclusion: 2 ice statues, Antaeus
Tar:7 Ereshkigal
Depths:3 exclusion: ice statue


Innate Abilities, Weirdness & Mutations

You have hooves in place of feet.
Armour fits poorly on your strangely shaped body.
You digest meat inefficiently.
You cover ground very quickly.
You have a fast metabolism.
You have extremely tough skin (AC +3).
You often lose your temper in combat.
You are clumsy. (Dex -2)
Your body is slowly deteriorating.
You are very dopey. (Int -4)
Your magical capacity is very low (-20% MP).
You are resistant to hostile enchantments.
Space sometimes distorts in your vicinity.


Message History

Unknown command.
Unknown command.
You slash the sphinx! You kick the sphinx!
The sphinx is moderately wounded.
The sphinx hits you.
* * * LOW HITPOINT WARNING * * *
The sphinx hits you but does no damage. You block the sphinx's attack.
Unknown command.
Unknown command.
You slice the sphinx!! You kick the sphinx.
The sphinx is heavily wounded.
Unknown command.
Unknown command.
You slash the sphinx! You kick the sphinx.
The sphinx is severely wounded.
The sphinx casts a spell.
Something smites you!
* * * LOW HITPOINT WARNING * * *
The sphinx hits you!
You die...

##########################
#..........................
#...........................
#............................
#............................
#............................
#...............H.............
#..............@H.A%........H.
#.............................
#............................
#.........................%..
#............................
#...........................
#......)...################
#..........# #..........#


You could see 2 sphinxes and a friendly daeva.

Vanquished Creatures
  Asmodeus (Geh:7)
  the royal jelly (Slime:6)
  Lom Lobon (Pan)
  An ancient lich (Abyss:4)
  the Serpent of Hell (Tar:7)
  Saint Roka (Orc:4)
  Margery (Vaults:4)
  2 pandemonium lords (Pan)
  Mara (Vaults:3)
  Geryon (Hell)
  A golden dragon (Depths:4)
  56 large abominations
  Jory (Vaults:5)
  The ghost of AecTalek the Devastator, a mighty NaWz of Vehumet (Depths:3)
  6 bone dragons
  14 Brimstone Fiends
  Xtahua (Vaults:4)
  10 Hell Sentinels
  8 tentacled monstrosities
  14 Ice Fiends
  10 acid blobs (Slime:6)
  3 quicksilver dragons
  A deep elf master archer (Elf:3)
  2 titans
  A storm dragon (Depths:1)
  14 Shadow Fiends
  10 liches
  An eldritch tentacle (Pan)
  27 Executioners
  Polyphemus (Shoals:2)
  4 sphinxes
  5 azure jellies (Slime:6)
  Rupert (Spider:1)
  Agnes (Spider:2)
  Kirke (Vaults:2)
  5 shadow dragons (Vaults:5)
  13 tengu reavers
  Donald (Vaults:3)
  Wiglaf (Shoals:4)
  3 fire giants
  8 vault wardens
  3 tentacled starspawn
  9 deep elf sorcerers
  Aizul (Spider:1)
  7 frost giants
  13 iron dragons (Dis:7)
  23 balrugs
  4 emperor scorpions (Spider:5)
  14 cacodemons
  Jorgrun (Spider:5)
  42 reapers
  37 stone giants
  7 deep elf demonologists
  5 lorocyprocas
  11 deep elf annihilators
  Azrael (Vaults:3)
  19 green deaths
  A black draconian (Depths:1)
  The ghost of Restia the Severer, a powerful MiFi (D:13)
  23 blizzard demons
  4 merfolk javelineers
  2 merfolk impalers
  Snorg (Vaults:2)
  29 vault guards
  7 deep elf death magi
  36 yaktaur captains
  2 quicksilver dragon zombies
  A death ooze (Slime:6)
  2 spectral krakens (Tar:7)
  A mummy priest (Depths:1)
  5 ettins
  20 ice dragons
  2 kraken zombies
  9 ironheart preservers
  2 fire dragons (Depths:1)
  8 merfolk aquamancers
  4 deep elf high priests (Elf:3)
  2 sirens
  3 great orbs of eyes
  A ravenous feature mimic (Vaults:2)
  Harold (Lair:2)
  7 hydras
  2 dancing weapons
  2 alligator snapping turtles (Shoals:5)
  A spriggan enchanter (Forest:2)
  An anaconda (Depths:1)
  5 deep troll shamans
  10 deep troll earth magi
  14 ogre magi
  10 death yaks
  29 soul eaters
  A death yak (shapeshifter) (Vaults:5)
  2 hell hogs (Geh:7)
  6 rakshasas
  3 wretched stars (Abyss:4)
  4 naga warriors
  3 tengu warriors
  2 titan zombies
  8 thrashing horrors
  An orc high priest (Orc:4)
  9 hell knights
  2 fire crabs
  A spectral elf (Vaults:5)
  41 sun demons
  15 centaur warriors
  10 very ugly things
  6 deep elf knights
  3 storm dragon zombies
  Nergalle (D:13)
  A catoblepas (Shoals:2)
  8 shadow wraiths (Pan)
  2 dryads (Forest:2)
  86 skeletal warriors
  A death drake (shapeshifter) (Vaults:4)
  The ghost of 4tharraofdagon the Slasher, an experienced CeGl of the Shining One (D:9)
  7 iron trolls
  18 deep trolls
  2 titan skeletons
  4 golden dragon zombies
  9 unseen horrors
  A ball lightning (Pan)
  39 ice devils
  2 storm dragon skeletons (Geh:7)
  30 shadow demons
  9 sea snakes
  6 flayed ghosts
  9 orc knights
  12 starcursed masses (Abyss:4)
  A hill giant (shapeshifter) (Vaults:5)
  3 ice statues
  2 giant orange brains (Slime:6)
  9 wizards
  6 necromancers
  Erolcha (Orc:4)
  A swamp dragon (Depths:2)
  Pikel (D:8)
  5 fauns
  21 hellions
  6 golden dragon skeletons
  3 shadow dragon zombies
  4 flaming corpses
  10 hill giants
  Joseph (D:12)
  9 deep elf conjurers
  15 harpies
  8 giant amoebae
  12 ironbrand convokers
  9 griffons
  5 orc sorcerers
  5 shadow dragon skeletons
  An oklob plant (Orc:2)
  A lindwurm (shapeshifter) (Vaults:5)
  A frost giant zombie (Depths:1)
  2 sphinx skeletons (Geh:3)
  A fire giant zombie (Vaults:4)
  36 iron dragon zombies
  4 shining eyes
  2 black mambas
  23 wolf spiders
  3 red wasps
  11 phantasmal warriors
  40 sixfirhies
  2 stone giant zombies
  A cyclops (shapeshifter) (D:15)
  17 elephants
  2 iron dragon skeletons
  2 guardian serpents (Depths:1)
  22 tormentors
  10 vault sentinels
  10 cyclopes
  2 spiny worms
  A spectral iron troll (Vaults:5)
  A moth of wrath (Spider:5)
  2 stone giant skeletons (Pan)
  5 deep elf summoners
  28 orange demons
  11 spiny frogs
  A guardian serpent (shapeshifter) (Vaults:1)
  2 eyes of devastation
  A feature mimic (D:14)
  26 smoke demons
  10 small abominations
  Psyche (Orc:2)
  A vapour (Vaults:5)
  A spiny frog (shapeshifter) (Depths:3)
  A fire drake (Lair:8)
  19 hellwings (Pan)
  42 red devils
  53 yaktaurs
  25 jumping spiders
  3 efreet (Pan)
  3 ancient zymes (Abyss:4)
  18 demonic crawlers
  31 blue devils
  2 minotaur zombies (Lab)
  8 orb spiders
  5 hell beasts
  9 mermaids
  10 death drake zombies
  A guardian mummy (Depths:1)
  3 spriggans (Vaults:2)
  2 black draconian skeletons
  3 deep elf priests
  2 fire drakes (shapeshifter)
  A hydra zombie (D:16)
  4 komodo dragons
  A purple draconian skeleton (Tar:2)
  An iron troll skeleton (Vaults:4)
  2 giant leeches (Lair:8)
  Sonja (Orc:2)
  3 silent spectres (Tar:7)
  A raven (shapeshifter) (Vaults:5)
  7 trolls
  A naga mage (Depths:1)
  A polar bear (Lair:6)
  18 raiju
  A thorn lotus (Forest:2)
  A wind drake (shapeshifter) (Depths:1)
  33 iron devils
  32 slime creatures
  10 death drake skeletons
  A grizzly bear (Vaults:2)
  A queen bee (shapeshifter) (Vaults:5)
  8 snapping turtles
  27 two-headed ogres
  An ettin zombie (Depths:1)
  14 deep elf magi
  40 ice dragon zombies
  The ghost of Zomeperzon the Magician, an average SpAE (Sewer)
  A blink frog (shapeshifter) (Vaults:1)
  6 boulder beetles
  13 blink frogs
  A formicid (shapeshifter) (D:16)
  8 brown oozes
  A snapping turtle (shapeshifter) (Depths:3)
  2 baby alligators (shapeshifter)
  74 ugly things
  A basilisk (shapeshifter) (D:15)
  21 wraiths
  36 yaks
  20 ynoxinuls
  A tarantella (shapeshifter) (Vaults:4)
  24 trapdoor spiders
  A trapdoor spider (shapeshifter) (Depths:2)
  22 water elementals
  37 redbacks
  15 shadows
  20 metal gargoyles (Dis:7)
  14 sharks
  58 flying skulls
  5 fire elementals (Vaults:3)
  31 tarantellas
  2 wyverns
  A basilisk (Abyss:2)
  6 chaos spawn
  A fire bat (shapeshifter) (Vaults:5)
  31 ice dragon skeletons
  11 vampires
  A yak (shapeshifter) (Vaults:3)
  15 deep elf fighters
  Eustachio (Orc:2)
  4 hogs (Vaults:2)
  Grum (D:8)
  12 hippogriffs
  9 hungry ghosts
  21 neqoxecs
  25 merfolk
  A hill giant skeleton (D:10)
  A steam dragon (D:9)
  20 vampire mosquitoes
  19 wolves
  11 molten gargoyles (Geh:7)
  4 golden eyes
  A merfolk (shapeshifter) (Depths:1)
  2 human zombies (Vaults:4)
  2 mottled dragons
  3 swamp drakes (Depths:2)
  A soldier ant (D:13)
  5 manticores
  An iron troll simulacrum (Vaults:3)
  A spatial vortex (Tar:7)
  A deep troll zombie (Vaults:4)
  A swamp drake (shapeshifter) (Vaults:4)
  11 necrophages
  3 porcupines
  25 orc warriors
  7 phantoms
  6 spectral sharks (Tar:7)
  15 ice beasts
  51 hell hounds
  A yellow wasp (D:12)
  3 nagas (Depths:3)
  33 freezing wraiths
  A black bear (Vaults:2)
  A deep dwarf (shapeshifter) (Depths:4)
  22 centaurs
  3 sky beasts
  7 giant goldfish
  5 ice dragon simulacra
  An ettin simulacrum (Vaults:4)
  3 tengu (Depths:1)
  50 ogres
  4 wargs
  13 lava worms
  2 big kobolds
  A giant slug (shapeshifter) (Vaults:5)
  7 crocodiles
  9 giant slugs
  A gnoll sergeant (D:10)
  24 rotting devils
  A yaktaur zombie (D:15)
  Blork the orc (Orc:4)
  3 brain worms
  14 water moccasins
  2 yaktaur skeletons (Pan)
  2 cyclops zombies
  A manticore zombie (D:11)
  6 agate snails
  2 wyvern skeletons
  6 eyes of draining
  31 giant frogs
  10 giant goldfish zombies
  12 killer bees
  13 shark zombies
  13 jellyfish
  32 wights
  3 troll skeletons
  11 lava fish
  2 yak zombies
  A giant goldfish skeleton (Coc:1)
  A yak skeleton (D:11)
  15 lava snakes
  10 electric eels
  5 goliath beetles
  A hippogriff skeleton (D:10)
  10 crimson imps
  16 orc priests
  15 big fish
  9 jellies
  24 orc wizards
  7 hounds
  7 iguanas
  A centaur skeleton (D:6)
  2 quasits
  28 spiders
  3 shark simulacra
  5 spectral big fish (Tar:7)
  An iguana (shapeshifter) (Vaults:3)
  20 iron imps
  4 scorpions
  8 orange rats
  2 giant goldfish simulacra
  9 sheep
  5 worker ants
  A brain worm zombie (Abyss:4)
  A mottled dragon zombie (D:16)
  A sky beast zombie (D:8)
  A mottled dragon skeleton (D:13)
  12 mummies
  10 gnolls
  A spectral human (D:5)
  23 adders
  3 big fish skeletons
  8 big fish zombies
  4 giant centipedes
  7 green rats
  4 lemures
  A worm zombie (D:8)
  38 white imps
  2 inept feature mimics
  A giant mite (D:4)
  9 shadow imps
  6 worms
  15 ufetubi
  An iguana zombie (D:9)
  A scorpion zombie (D:8)
  2 grey rats
  4 giant eyeballs
  5 giant geckos
  140 orcs
  7 ball pythons
  A bat skeleton (D:6)
  6 giant cockroaches
  12 goblins
  16 hobgoblins
  17 jackals
  29 kobolds
  8 oozes
  10 quokkas
  21 bats
  A giant gecko skeleton (D:8)
  A giant newt (D:5)
  3 giant spores
  2 illusory rakshasas (Pan)
  An orc zombie (Orc:4)
  A quokka zombie (D:8)
  21 rats
  17 ballistomycetes
  A crawling corpse (Elf:3)
  2 fungi
  A starspawn tentacle (Abyss:4)
  6 tentacles
3713 creatures vanquished.

Vanquished Creatures (collateral kills)
  Gloorx Vloq (Pan)
  Mnoleg (Pan)
  A Brimstone Fiend (Dis:7)
  Arachne (Spider:2)
  A lich (Geh:7)
  A quicksilver dragon (Vaults:5)
  2 sphinxes (Tomb:1)
  3 acid blobs
  4 cacodemons
  A ghost moth (Spider:5)
  A lorocyproca (Pan)
  A death ooze (Slime:6)
  6 vault guards (Vaults:5)
  4 hell hogs
  A sun demon (Pan)
  3 large abominations (Pan)
  2 shining eyes (Pan)
  An eye of devastation (Pan)
  A stone giant skeleton (Pan)
  3 orange demons (Pan)
  A demonic crawler (Spider:2)
  An efreet (Geh:7)
  3 guardian mummies
  A slime creature (Slime:6)
  A tarantella (Spider:5)
  A chaos spawn (Pan)
  6 neqoxecs (Pan)
  3 eyes of draining (Pan)
  A lava snake (Geh:7)
  12 mummies
  An ufetubus (Pan)
  2 white imps (Pan)
  A giant eyeball (Pan)
  A snaplasher vine (Forest:2)
74 creatures vanquished.

Vanquished Creatures (others)
  4 eldritch tentacles
  4 daevas
  A tengu reaver (Vaults:5)
  4 angels
  An ice dragon (Coc:7)
  16 ball lightnings
  A golden dragon skeleton (Geh:7)
  A griffon (Lair:6)
  A yaktaur (Depths:1)
  A death drake skeleton (Geh:6)
  An ice dragon zombie (Geh:3)
  An ice dragon skeleton (Coc:6)
  A wraith (Geh:3)
  11 water elementals
  A tarantella (Spider:5)
  A neqoxec (Pan)
  A molten gargoyle (Geh:7)
  A centaur (Vaults:3)
  A rotting devil (Pan)
  A spider (Spider:2)
  A white imp (Coc:7)
  3 ufetubi (Abyss:4)
  A quokka (D:8)
  2 giant spores
  A lurking horror (Abyss:4)
  A quokka skeleton (D:8)
  384 eldritch tentacle segments
  4 plants (Lair:8)
  73 snaplasher vine segments (Forest:2)
  8 starspawn tentacles
  A starspawn tentacle segment (Abyss:4)
  25 tentacles
  160 tentacle segments
718 creatures vanquished.

Grand Total: 4505 creatures vanquished

Notes
Turn   | Place    | Note
--------------------------------------------------------------
     0 | D:1      | 4tharraofdagon, the Centaur Gladiator, began the quest for the Orb.
     0 | D:1      | Reached XP level 1. HP: 17/17 MP: 1/1
    39 | D:1      | RIP
    75 | D:1      | Reached XP level 2. HP: 20/25 MP: 2/2
    77 | D:1      | Reached skill level 3 in Long Blades
   247 | D:2      | Reached XP level 3. HP: 28/30 MP: 3/3
   455 | D:3      | Reached skill level 1 in Armour
   484 | D:3      | Reached XP level 4. HP: 28/37 MP: 3/3
   605 | D:4      | Noticed a sky beast
   643 | D:5      | Entered Level 5 of the Dungeon
   771 | D:4      | Found a staircase to the Ecumenical Temple.
   779 | Temple   | Entered the Ecumenical Temple
   939 | Temple   | Became a worshipper of the Shining One
  1022 | D:5      | Found a basalt altar of Yredelemnul.
  1030 | D:5      | Reached skill level 4 in Long Blades
  1068 | D:6      | Reached XP level 5. HP: 39/45 MP: 4/4
  1088 | D:6      | Noticed a phantom
  1114 | D:6      | Killed a phantom
  1149 | D:6      | :(
  1235 | D:5      | :(
  1258 | D:5      | Found a shattered altar of Ashenzari.
  1376 | D:5      | Noticed an ogre
  1470 | D:5      | Reached XP level 6. HP: 49/51 MP: 5/5
  1471 | D:5      | Noticed an ogre
  1671 | D:4      | Reached skill level 5 in Long Blades
  1803 | D:4      | Noticed Edmund
  1955 | D:4      | Found a glowing drain.
  2008 | Sewer    | Entered a sewer
  2064 | Sewer    | Noticed Zomeperzon's ghost (average SpAE)
  2090 | Sewer    | Killed Zomeperzon's ghost
  2090 | Sewer    | Reached XP level 7. HP: 35/59 MP: 5/5
  2154 | Sewer    | Reached skill level 6 in Long Blades
  2196 | Sewer    | Noticed Prince Ribbit
  2196 | Sewer    | Acquired the Shining One's first power
  2313 | D:4      | Killed a sky beast
  2361 | D:6      | Found a blossoming altar of Fedhas.
  2378 | D:6      | Noticed an ogre
  2385 | D:6      | Killed an ogre
  2501 | D:6      | Reached skill level 1 in Evocations
  2522 | D:6      | Reached XP level 8. HP: 45/67 MP: 7/7
  2648 | D:6      | Noticed a giant frog
  2660 | D:6      | Killed a giant frog
  2742 | D:6      | Reached skill level 5 in Fighting
  2772 | D:6      | Noticed a centaur
  2781 | D:6      | Killed a centaur
  2781 | D:6      | Reached skill level 7 in Long Blades
  2813 | D:7      | Got a twisted leather armour
  2829 | D:7      | Found Jiczo's Magic Scroll Emporium.
  2834 | D:7      | Bought a scroll of identify for 26 gold pieces
  2834 | D:7      | Bought a scroll of magic mapping for 45 gold pieces
  2834 | D:7      | Bought a scroll of teleportation for 39 gold pieces
  2858 | D:7      | Identified the Disquisition on the Oath
  2911 | D:7      | Found Vic Mogoanoe's Distillery.
  2946 | D:7      | Found Tearod's Armour Emporium.
  3009 | D:7      | Found Uqiwiap's General Store.
  3086 | D:7      | Found Psocapya's Assorted Antiques.
  3109 | D:7      | Bought a scroll labeled PREILY SULELUPNYLO for 32 gold pieces
  3337 | D:7      | Bought a scroll of noise for 13 gold pieces
  3461 | D:7      | You fall through a shaft for 2 floors!
  3462 | D:9      | :WTF
  3490 | D:9      | Found Kuorin's Book Emporium.
  3498 | D:9      | Noticed 4tharraofdagon's ghost (experienced CeGl)
  3507 | D:9      | Killed 4tharraofdagon's ghost
  3507 | D:9      | Reached skill level 8 in Long Blades
  3507 | D:9      | Reached XP level 9. HP: 66/75 MP: 10/12
  3533 | D:9      | Found Ghaitroh's Antique Armour Boutique.
  3582 | D:9      | Found a glowing silver altar of Zin.
  3826 | D:8      | Noticed Grum
  3980 | D:10     | Entered Level 10 of the Dungeon
  3989 | D:10     | Reached skill level 9 in Long Blades
  4080 | D:10     | Reached skill level 5 in Evocations
  4130 | D:10     | Found a staircase to the Lair.
  4250 | D:10     | Reached XP level 10. HP: 76/84 MP: 15/15
  4263 | D:10     | Found Ysithaez's Antique Weapon Boutique.
  4297 | D:10     | Identified the +1 leather armour of the Forgotten Spirits {Str+4 Dex-3 Acc+4} (You found it on level 7 of the Dungeon)
  4340 | D:10     | Reached skill level 5 in Armour
  4471 | D:9      | Found Iwew's Distillery.
  4480 | D:9      | Bought a potion of mutation for 39 gold pieces
  4480 | D:9      | Bought a potion of lignification for 39 gold pieces
  4480 | D:9      | Bought a potion of agility for 32 gold pieces
  4481 | D:9      | Gained mutation: You are dopey. (Int -2) [potion of mutation]
  4481 | D:9      | Gained mutation: You are resistant to hostile enchantments. [potion of mutation]
  4481 | D:9      | Gained mutation: Your magical capacity is low (-10% MP). [potion of mutation]
  4662 | D:11     | Noticed a hill giant
  4691 | D:11     | Killed a hill giant
  4768 | D:11     | Acquired the Shining One's second power
  4895 | D:12     | Noticed a cyclops
  4905 | D:12     | Killed a cyclops
  4905 | D:12     | Reached skill level 10 in Long Blades
  4998 | D:12     | Noticed Joseph
  5038 | D:12     | Killed Joseph
  5038 | D:12     | Reached skill level 1 in Invocations
  5171 | D:12     | Found a flagged portal.
  5180 | Bailey   | Entered a bailey
  5233 | Bailey   | Noticed an orc knight
  5282 | Bailey   | Found an iron altar of Okawaru.
  5307 | D:12     | Gained mutation: Your vision is a little blurry. [potion of mutation]
  5307 | D:12     | Gained mutation: You passively map a small area around you. [potion of mutation]
  5423 | D:12     | BRB
  5538 | D:11     | Noticed a hill giant
  5546 | D:11     | Killed a hill giant
  5602 | D:11     | Reached XP level 11. HP: 58/94 MP: 16/16
  5703 | D:10     | Noticed a hill giant
  5722 | D:10     | Killed a hill giant
  6043 | D:12     | Noticed a hill giant
  6051 | D:12     | Killed a hill giant
  6189 | D:12     | Paralysed by a giant eyeball for 4 turns
  6220 | D:12     | Found Azegi's Armour Emporium.
  6221 | D:12     | Found a staircase to the Orcish Mines.
  6415 | D:13     | Found a labyrinth entrance.
  6417 | D:13     | Found a snail-covered altar of Cheibriados.
  6427 | D:13     | Reached skill level 11 in Long Blades
  6440 | Lab      | Entered a labyrinth
  6526 | Lab      | Noticed a minotaur
  6572 | Lab      | Got a twitching amber ring
  6691 | Lab      | Got an ichor-stained lajatang
  6703 | D:13     | Identified the ring of Voysmis {+cTele Hunger+ Dam+6} (You found it in a labyrinth)
  6746 | D:13     | Noticed Restia's ghost (powerful MiFi)
  6766 | D:13     | Identified a +5 rod of inaccuracy (10/10) (You found it in a labyrinth)
  6767 | D:13     | Identified a +6 rod of destruction (9/9) (You found it in a labyrinth)
  6825 | D:13     | Found Feit's Magical Wand Emporium.
  6889 | D:13     | Noticed Nergalle
  7023 | D:8      | Paralysed by a giant eyeball for 4 turns
  7156 | D:8      | Noticed a hill giant
  7163 | D:8      | Killed a hill giant
  7163 | D:8      | Reached skill level 5 in Invocations
  7201 | D:8      | Noticed a slime creature
  7219 | D:8      | Killed a slime creature
  7335 | D:8      | Noticed a hell beast
  7336 | D:8      | Found a basalt altar of Yredelemnul.
  7337 | D:8      | Noticed an orange demon
  7338 | D:8      | Noticed an iron devil
  7340 | D:8      | Noticed Pikel
  7350 | D:8      | Killed Pikel
  7410 | D:8      | Killed a hell beast
  7414 | D:8      | Killed an orange demon
  7422 | D:8      | Killed an iron devil
  7422 | D:8      | Reached skill level 1 in Spellcasting
  7490 | D:7      | Bought a potion of curing for 22 gold pieces
  7490 | D:7      | Bought a potion of heal wounds for 33 gold pieces
  7490 | D:7      | Bought a potion of heal wounds for 33 gold pieces
  7490 | D:7      | Bought a potion of heal wounds for 33 gold pieces
  7490 | D:7      | Bought a potion of speed for 60 gold pieces
  7545 | D:7      | Bought a scroll of recharging for 71 gold pieces
  7545 | D:7      | Bought a scroll of magic mapping for 45 gold pieces
  7545 | D:7      | Bought a scroll of recharging for 71 gold pieces
  7587 | D:8      | Paralysed by a giant eyeball for 2 turns
  7653 | Lair:1   | Entered Level 1 of the Lair of Beasts
  7691 | Lair:1   | Found a dark tunnel.
  7695 | Lair:1   | Reached XP level 12. HP: 79/104 MP: 14/18
  7723 | Volcano  | Entered a volcano
  7894 | Lair:1   | Found a snail-covered altar of Cheibriados.
  8008 | Lair:1   | Gained mutation: You are frail (-10% HP). [potion of mutation]
  8008 | Lair:1   | Gained mutation: You are agile. (Dex +2) [potion of mutation]
  8009 | Lair:1   | Gained mutation: You can spit poison. [potion of mutation]
  8009 | Lair:1   | Gained mutation: Your vision is quite blurry. [potion of mutation]
  8166 | Lair:2   | Noticed Harold
  8172 | Lair:2   | Killed Harold
  8291 | Lair:2   | Noticed an eight-headed hydra
  8502 | Lair:3   | Found a staircase to the Shoals.
  8544 | Lair:3   | Reached skill level 12 in Long Blades
  8722 | Lair:3   | Found a white marble altar of Elyvilon.
  9185 | Lair:6   | Found a staircase to the Slime Pits.
  9392 | Lair:7   | Reached XP level 13. HP: 101/101 MP: 19/19
  9397 | Lair:7   | Reached skill level 10 in Fighting
  9473 | Lair:7   | Acquired the Shining One's third power
  9595 | Lair:8   | Entered Level 8 of the Lair of Beasts
  9830 | Lair:8   | Reached skill level 13 in Long Blades
 10512 | Lair:1   | Noticed a five-headed hydra
 10687 | Orc:1    | Entered Level 1 of the Orcish Mines
 10985 | Orc:2    | Noticed Psyche
 10985 | Orc:2    | Noticed Eustachio
 10986 | Orc:2    | Noticed Sonja
 11016 | Orc:2    | Killed Psyche
 11037 | Orc:2    | Killed Eustachio
 11038 | Orc:2    | Killed Sonja
 11310 | Orc:2    | Reached XP level 14. HP: 92/109 MP: 21/21
 11540 | Orc:3    | Found a staircase to the Elven Halls.
 11770 | Orc:4    | Entered Level 4 of the Orcish Mines
 11830 | Orc:4    | Found Qiasuvam's Magical Wand Emporium.
 11875 | Orc:4    | Noticed Saint Roka
 11906 | Orc:4    | Killed Saint Roka
 12005 | Orc:4    | Acquired the Shining One's fourth power
 12021 | Orc:4    | Noticed Blork the orc
 12048 | Orc:4    | Killed Blork the orc
 12110 | Orc:4    | Found a roughly hewn altar of Beogh.
 12216 | Orc:4    | Found Muakhliph's Antique Weapon Shop.
 12255 | Orc:4    | :(
 12264 | Orc:4    | Found Gotehum's Antique Armour Shop.
 12271 | Orc:4    | :(
 12281 | Orc:4    | Found Hesheisk's Jewellery Shop.
 12288 | Orc:4    | :/
 12297 | Orc:4    | Found Pses' General Store.
 12327 | Orc:4    | Bought a wand of hasting (4) for 816 gold pieces
 12530 | Orc:4    | Noticed Erolcha
 12537 | Orc:4    | Killed Erolcha
 12612 | Orc:4    | Bought an uncursed amulet of conservation for 350 gold pieces
 12854 | Elf:1    | Entered Level 1 of the Elven Halls
 12992 | Elf:3    | Entered Level 3 of the Elven Halls
 13177 | Elf:3    | Noticed a deep elf sorcerer
 13184 | Elf:3    | Killed a deep elf sorcerer
 13184 | Elf:3    | Reached skill level 14 in Long Blades
 13208 | Elf:3    | Noticed a deep elf sorcerer
 13238 | Elf:3    | Killed a deep elf sorcerer
 13267 | Elf:3    | Noticed a deep elf sorcerer
 13270 | Elf:3    | Killed a deep elf sorcerer
 13271 | Elf:3    | Noticed a deep elf sorcerer
 13281 | Elf:3    | Killed a deep elf sorcerer
 13289 | Elf:3    | Noticed a deep elf master archer
 13306 | Elf:3    | Killed a deep elf master archer
 13314 | Elf:3    | Noticed a deep elf sorcerer
 13335 | Elf:3    | Reached skill level 10 in Invocations
 13335 | Elf:3    | Reached skill level 10 in Evocations
 13349 | Elf:3    | Killed a deep elf sorcerer
 13349 | Elf:3    | Reached XP level 15. HP: 118/118 MP: 24/24
 13362 | Elf:3    | Identified a +5 rod of venom (5/13) (You took it off a deep elf demonologist on level 3 of the Elven Halls)
 13620 | Elf:3    | Identified a cursed +3 rod of warding (13/13) (You took it off a deep elf high priest on level 3 of the Elven Halls)
 13657 | Elf:3    | Reached skill level 15 in Long Blades
 13867 | Elf:3    | Got a smoking spear
 13994 | Elf:3    | Identified the Handbook of Ashen Transmutation (You found it on level 3 of the Elven Halls)
 14005 | Elf:3    | Identified Orchut's Casting, Part Four (You found it on level 3 of the Elven Halls)
 14140 | Elf:3    | Identified Kikubaaqudgha's Incunabulum of Black Secrets
 14413 | Elf:1    | Found Circhis' Magical Wand Shoppe.
 14427 | Elf:1    | Found Troapt's Antique Armour Shoppe.
 14479 | Elf:1    | Found Ginuq's Book Boutique.
 14909 | D:14     | Lost mutation: You are frail (-10% HP). [potion of cure mutation]
 14909 | D:14     | Lost mutation: Your magical capacity is low (-10% MP). [potion of cure mutation]
 14909 | D:14     | Lost mutation: Your vision is quite blurry. [potion of cure mutation]
 14909 | D:14     | Lost mutation: Your vision is a little blurry. [potion of cure mutation]
 14909 | D:14     | Lost mutation: You can spit poison. [potion of cure mutation]
 14964 | D:15     | Entered Level 15 of the Dungeon
 15173 | D:16     | Entered Level 16 of the Dungeon
 15217 | D:15     | Found a gate to the Vaults.
 15447 | D:15     | Reached XP level 16. HP: 107/147 MP: 28/28
 15505 | D:15     | Reached skill level 10 in Armour
 15686 | D:16     | Reached skill level 15 in Fighting
 15977 | D:16     | Got a sapphire-encrusted chain mail
 16086 | D:16     | Found a staircase to the Depths.
 16188 | D:16     | Reached skill level 16 in Fighting
 16299 | D:16     | Identified the +5 chain mail of Mirth {rC++ rN+} (You found it on level 16 of the Dungeon)
 16392 | Depths:1 | Entered Level 1 of the Depths
 16766 | Depths:1 | Reached skill level 17 in Fighting
 17117 | Depths:1 | Found a gateway to Hell.
 17348 | Depths:1 | Found a one-way gate to the infinite horrors of the Abyss.
 17573 | Depths:1 | Noticed a titan
 17585 | Depths:1 | Found Wawier's Jewellery Shop.
 17772 | Depths:1 | Killed a titan
 18056 | Depths:1 | Reached skill level 18 in Fighting
 18056 | Depths:1 | Reached XP level 17. HP: 163/163 MP: 29/29
 18314 | Depths:1 | Noticed a bone dragon
 18369 | Depths:1 | Killed a bone dragon
 18565 | Depths:1 | HP: 5/165 [sun demon (10)]
 18566 | Depths:1 | The Shining One protects you from harm!
 18605 | Depths:1 | Paralysed by a giant eyeball for 3 turns
 18625 | D:16     | BBL
 18819 | Depths:1 | Noticed a storm dragon
 18832 | Depths:1 | Killed a storm dragon
 19744 | D:9      | Bought a manual of Long Blades for 1656 gold pieces
 19792 | D:9      | Bought a potion of heal wounds for 39 gold pieces
 19792 | D:9      | Bought a potion of curing for 26 gold pieces
 19792 | D:9      | Bought a potion of curing for 26 gold pieces
 19792 | D:9      | Bought a potion of curing for 26 gold pieces
 20278 | D:13     | Killed Nergalle
 20523 | Shoals:1 | Entered Level 1 of the Shoals
 20573 | Shoals:2 | Got a distressingly furry chain mail
 20604 | Shoals:2 | Identified the +4 chain mail of a Thousand Lives {+Blink +Rage +Inv MR++ Int-1} (You found it on level 2 of the Shoals)
 20619 | Shoals:2 | Noticed Polyphemus
 20869 | Shoals:2 | Killed Polyphemus
 21361 | Shoals:5 | Entered Level 5 of the Shoals
 21423 | Shoals:4 | Noticed Wiglaf
 21441 | Shoals:4 | Killed Wiglaf
 21972 | Shoals:4 | Identified a scroll of acquirement
 21973 | Shoals:4 | Got a distressingly furry helmet
 21977 | Shoals:4 | Identified the +0 helmet of Gusog {rC+} (You acquired it on level 4 of the Shoals)
 22165 | Shoals:5 | Got a brightly glowing garnet amulet
 22518 | Shoals:5 | Noticed Ilsuiw
 22737 | Shoals:5 | Reached XP level 18. HP: 140/173 MP: 30/30
 22763 | Shoals:5 | Got a barnacled rune of Zot
 22780 | Shoals:5 | Reached skill level 19 in Long Blades
 23198 | Lair:6   | Found a hole to the Spider Nest.
 23236 | Spider:1 | Entered Level 1 of the Spider Nest
 23293 | Spider:1 | Noticed Rupert
 23313 | Spider:1 | Killed Rupert
 23335 | Spider:1 | Identified the amulet of Yruschia {Ward +Rage Str-1} (You found it on level 5 of the Shoals)
 23417 | Spider:1 | Noticed Aizul
 23468 | Spider:2 | Noticed Arachne
 23511 | Spider:2 | Killed Arachne
 23731 | Spider:2 | Noticed Agnes
 23752 | Spider:2 | Killed Agnes
 24484 | Spider:5 | Entered Level 5 of the Spider Nest
 24755 | Spider:5 | Reached skill level 20 in Long Blades
 25945 | Spider:5 | Got a gossamer rune of Zot
 26133 | Spider:5 | Noticed Jorgrun
 26145 | Spider:5 | Killed Jorgrun
 26418 | Spider:1 | Killed Aizul
 26630 | Slime:1  | Entered Level 1 of the Pits of Slime
 26726 | Slime:6  | Entered Level 6 of the Pits of Slime
 26787 | Slime:6  | Gained mutation: You tend to lose your temper in combat. [a shining eye]
 26789 | Slime:6  | Reached skill level 15 in Evocations
 26791 | Slime:6  | Gained mutation: You occasionally shout uncontrollably. [a shining eye]
 26986 | Slime:6  | Reached XP level 19. HP: 26/180 MP: 29/33
 27418 | Slime:6  | Found a viscous altar of Jiyva.
 27599 | Slime:6  | Noticed the royal jelly
 27646 | Slime:6  | Killed the royal jelly
 27830 | Slime:6  | Got a slimy rune of Zot
 27835 | Slime:6  | Identified the Reference Book on Flying Augmentations (You found it on level 6 of the Pits of Slime)
 28247 | Vaults:1 | Entered Level 1 of the Vaults
 28433 | Depths:1 | Voluntarily entered the Abyss.
 28433 | Abyss:1  | Found a corrupted altar of Lugonu.
 28536 | Abyss:2  | Found a corrupted altar of Lugonu.
 28743 | Abyss:4  | Found a corrupted altar of Lugonu.
 28999 | Depths:1 | Escaped the Abyss
 29003 | Depths:1 | Voluntarily entered the Abyss.
 29003 | Abyss:1  | Found a corrupted altar of Lugonu.
 29096 | Abyss:1  | Noticed a bone dragon
 29107 | Abyss:1  | Killed a bone dragon
 29436 | Abyss:4  | Gained mutation: You are very dopey. (Int -4) [a neqoxec]
 29471 | Abyss:4  | Found a corrupted altar of Lugonu.
 29687 | Abyss:4  | Noticed an ancient lich
 29698 | Abyss:4  | Killed an ancient lich
 29698 | Abyss:4  | Reached XP level 20. HP: 80/187 MP: 9/35
 29703 | Abyss:4  | Got an abyssal rune of Zot
 29818 | Abyss:4  | Reached skill level 21 in Long Blades
 30158 | Depths:1 | Escaped the Abyss
 30282 | Depths:1 | Voluntarily entered the Abyss.
 30333 | Abyss:1  | Found a corrupted altar of Lugonu.
 30346 | Depths:1 | Escaped the Abyss
 30618 | D:14     | Gained mutation: Your body is deteriorating. [potion of mutation]
 30618 | D:14     | Gained mutation: You have supernaturally acute eyesight. [potion of mutation]
 30672 | D:15     | Reached skill level 1 in Shields
 30868 | Vaults:1 | Lost mutation: You are very dopey. (Int -4) [potion of cure mutation]
 30868 | Vaults:1 | Lost mutation: You have supernaturally acute eyesight. [potion of cure mutation]
 30868 | Vaults:1 | Lost mutation: Your body is slowly deteriorating. [potion of cure mutation]
 30868 | Vaults:1 | Lost mutation: You are dopey. (Int -2) [potion of cure mutation]
 30868 | Vaults:1 | Lost mutation: You passively map a small area around you. [potion of cure mutation]
 31264 | Vaults:1 | Reached skill level 5 in Shields
 31633 | Vaults:2 | Found a flickering gateway to a bazaar.
 31644 | Bazaar   | Entered a bazaar
 31651 | Bazaar   | Found Niysi's Antique Weapon Shoppe.
 31662 | Bazaar   | Found Gruptiof's Antique Weapon Emporium.
 31677 | Bazaar   | Found Caysad's Antique Armour Shoppe.
 31688 | Bazaar   | Found Thoha's Antique Armour Emporium.
 31693 | Bazaar   | Bought the +2 hat of the Alchemist {rElec rF+ rC+ MR+} for 1310 gold pieces
 31788 | Vaults:2 | Noticed Kirke
 31819 | Vaults:2 | Killed Kirke
 31848 | Vaults:2 | Got a shimmering pewter ring
 31849 | Vaults:2 | Identified the ring "Pliaxize" {rF+ Int-3} (You found it on level 2 of the Vaults)
 31890 | Vaults:2 | Noticed Snorg
 31903 | Vaults:2 | Killed Snorg
 31992 | Vaults:3 | Noticed Donald
 32001 | Vaults:3 | Killed Donald
 32444 | Vaults:4 | Reached skill level 10 in Shields
 32675 | Vaults:4 | Reached XP level 21. HP: 194/194 MP: 36/36
 32786 | Vaults:3 | Found Stroyxuo's Magic Scroll Emporium.
 32796 | Vaults:3 | Bought a scroll of enchant armour for 77 gold pieces
 32796 | Vaults:3 | Bought a scroll of teleportation for 42 gold pieces
 32796 | Vaults:3 | Bought a scroll of teleportation for 42 gold pieces
 32863 | Vaults:3 | Noticed Azrael
 32868 | Vaults:3 | Killed Azrael
 32869 | Vaults:3 | Noticed Mara
 32872 | Vaults:3 | Noticed 4tharraofdagon's illusion
 32879 | Vaults:3 | Killed Mara
 33660 | Vaults:4 | Noticed Xtahua
 33692 | Vaults:4 | Killed Xtahua
 33785 | Vaults:4 | Got a brightly glowing scale mail
 33786 | Vaults:4 | Identified the cursed -1 scale mail "Mnaqiur" {rN+ Int+4} (You found it on level 4 of the Vaults)
 33956 | Vaults:4 | Noticed Margery
 33974 | Vaults:4 | Killed Margery
 34158 | Vaults:5 | Entered Level 5 of the Vaults
 34688 | Vaults:5 | Noticed Jory
 34712 | Vaults:5 | Killed Jory
 34871 | Vaults:5 | Got an ebony claymore {venom}
 34977 | Vaults:5 | Reached XP level 22. HP: 122/202 MP: 15/36
 35017 | Vaults:5 | Lost mutation: You are agile. (Dex +2) [potion of cure mutation]
 35017 | Vaults:5 | Lost mutation: You tend to lose your temper in combat. [potion of cure mutation]
 35017 | Vaults:5 | Lost mutation: You occasionally shout uncontrollably. [potion of cure mutation]
 36004 | Vaults:5 | Reached skill level 22 in Long Blades
 36245 | Vaults:5 | Got a faintly glowing crystal plate armour
 36246 | Vaults:5 | Identified the +8 crystal plate armour of Oblivion {+Inv} (You found it on level 5 of the Vaults)
 36515 | Vaults:5 | Got a silver rune of Zot
 37178 | Elf:1    | Bought the +5 shield of Resistance {rF+ rC+ MR+} for 2897 gold pieces
 37336 | D:9      | Bought a heavily runed ring mail for 162 gold pieces
 37337 | D:9      | Identified the +1 ring mail of Contentment {rN+} (You bought it in a shop on level 9 of the Dungeon)
 37385 | D:8      | Killed Grum
 37483 | D:7      | Bought a +0 pair of gloves for 18 gold pieces
 37591 | Temple   | Identified a +5,+6 Blessed Blade (a +3,+6 demon blade of freezing blessed by the Shining One)
 37664 | D:7      | Bought a potion of invisibility for 60 gold pieces
 37664 | D:7      | Bought a potion of restore abilities for 33 gold pieces
 37868 | D:13     | Killed Restia's ghost
 37870 | D:13     | RIP my friend
 38293 | Depths:1 | Bought a cursed amulet of inaccuracy for 30 gold pieces
 38362 | Hell     | Entered the Vestibule of Hell
 38401 | Hell     | Noticed Geryon
 38415 | Hell     | Killed Geryon
 38444 | Hell     | Gained mutation: Space occasionally distorts in your vicinity. [a cacodemon]
 38457 | Hell     | Reached XP level 23. HP: 211/211 MP: 37/37
 38470 | Hell     | Found a gateway to the Iron City of Dis.
 38507 | Hell     | Found a gateway to the decaying netherworld of Tartarus.
 38537 | Hell     | Found a gateway to the freezing wastes of Cocytus.
 38560 | Coc:1    | Entered Level 1 of Cocytus
 38560 | Coc:1    | Found a gateway to Hell.
 38655 | Coc:2    | Found a gateway to Hell.
 38655 | Coc:2    | Found a gateway to Hell.
 38775 | Coc:3    | Found a gateway to Hell.
 38879 | Coc:3    | Found a gateway to Hell.
 39200 | Coc:3    | Found a gateway to Hell.
 39213 | Coc:4    | Found a gateway to Hell.
 39613 | Coc:4    | Found a gateway to Hell.
 39629 | Coc:5    | Found a gateway to Hell.
 39748 | Coc:5    | Found a gateway to Hell.
 39781 | Coc:6    | Found a gateway to Hell.
 39864 | Coc:6    | Found a gateway to Hell.
 39987 | Coc:7    | Entered Level 7 of Cocytus
 39987 | Coc:7    | Found a gateway to Hell.
 39987 | Coc:7    | Found a gateway to Hell.
 39987 | Coc:7    | Found a gateway to Hell.
 40549 | Coc:7    | Reached skill level 23 in Long Blades
 40684 | Coc:7    | Reached XP level 24. HP: 107/221 MP: 38/38
 40911 | Coc:7    | HP: 10/221 [Ice Fiend/bolt of cold (13)]
 41022 | Coc:7    | HP: 6/221 [Ice Fiend[the effects of Hell] (9)]
 41052 | Coc:7    | Noticed Antaeus
 41087 | Coc:7    | Got an icy rune of Zot
 41181 | Dis:1    | Entered Level 1 of the Iron City of Dis
 41181 | Dis:1    | Found a gateway to Hell.
 41412 | Dis:3    | Found a gateway to Hell.
 41415 | Dis:4    | Found a gateway to Hell.
 41461 | Dis:4    | Found a gateway to Hell.
 41470 | Dis:4    | Paralysed by the effects of Hell for 6 turns
 41619 | Dis:5    | Found a gateway to Hell.
 41706 | Dis:5    | Found a gateway to Hell.
 41816 | Dis:6    | Found a gateway to Hell.
 41874 | Dis:6    | Found a gateway to Hell.
 41938 | Dis:6    | Found a gateway to Hell.
 42109 | Dis:7    | Entered Level 7 of the Iron City of Dis
 42109 | Dis:7    | Found a gateway to Hell.
 42256 | Dis:2    | Found a gateway to Hell.
 42297 | Dis:2    | Found a gateway to Hell.
 42409 | Dis:4    | Found a gateway to Hell.
 42445 | Dis:4    | Found a gateway to Hell.
 42514 | Dis:5    | Found a gateway to Hell.
 42763 | Dis:7    | Found a gateway to Hell.
 42778 | Dis:7    | Found a gateway to Hell.
 43689 | Dis:3    | Found a gateway to Hell.
 44154 | Dis:7    | Reached XP level 25. HP: 223/223 MP: 39/39
 44185 | Dis:7    | Identified a +9 rod of frigid destruction (9/9) (You found it on level 7 of the Iron City of Dis)
 44284 | Dis:7    | Got a flickering bone ring
 44558 | Dis:7    | Got a dazzling claymore
 44560 | Dis:7    | Identified the ring "Stitt" {Wiz Int+1 SInv} (You found it on level 7 of the Iron City of Dis)
 44627 | Dis:7    | Noticed Dispater
 44853 | Dis:7    | Got an iron rune of Zot
 44960 | Tar:1    | Entered Level 1 of Tartarus
 44960 | Tar:1    | Found a gateway to Hell.
 45003 | Tar:2    | Found a gateway to Hell.
 45056 | Tar:2    | Reached skill level 24 in Long Blades
 45124 | Tar:3    | Found a gateway to Hell.
 45162 | Tar:4    | Found a gateway to Hell.
 45330 | Tar:5    | Found a gateway to Hell.
 45412 | Tar:6    | Found a gateway to Hell.
 45461 | Tar:7    | Entered Level 7 of Tartarus
 45667 | Tar:7    | Found a gateway to Hell.
 45723 | Tar:7    | Found a gateway to Hell.
 45788 | Tar:7    | Found a gateway to Hell.
 46313 | Tar:7    | Got a faintly glowing glass ring
 46317 | Tar:7    | Got a brightly glowing bone ring
 46321 | Tar:7    | Identified the ring "Quituod" {Wiz rC++ MR+ Acc+4} (You found it on level 7 of Tartarus)
 46322 | Tar:7    | Identified the ring "Wizi" {rF+ Dex-4 Int-4} (You found it on level 7 of Tartarus)
 46370 | Tar:7    | Reached skill level 15 in Armour
 46587 | Tar:7    | Noticed the Serpent of Hell
 46614 | Tar:7    | Killed the Serpent of Hell
 46658 | Tar:7    | Noticed Ereshkigal
 47001 | Tar:7    | Got a bone rune of Zot
 47007 | Tar:7    | Got an emerald-encrusted pearl dragon armour
 47073 | Hell     | Identified the +13 pearl dragon armour "Ghuibbou" {rN+ Str-3 Int+3} (You found it on level 7 of Tartarus)
 47186 | Hell     | Found a gateway to the ashen valley of Gehenna.
 47220 | Geh:1    | Entered Level 1 of Gehenna
 47220 | Geh:1    | Found a gateway to Hell.
 47258 | Geh:2    | Found a gateway to Hell.
 47286 | Geh:3    | Found a gateway to Hell.
 47303 | Geh:3    | Reached XP level 26. HP: 212/232 MP: 39/39
 47569 | Geh:3    | Found a gateway to Hell.
 47571 | Geh:3    | Found a gateway to Hell.
 47627 | Geh:4    | Found a gateway to Hell.
 47686 | Geh:5    | Found a gateway to Hell.
 47733 | Geh:6    | Found a gateway to Hell.
 47759 | Geh:6    | Found a gateway to Hell.
 47821 | Geh:7    | Entered Level 7 of Gehenna
 47821 | Geh:7    | Found a gateway to Hell.
 48145 | Geh:7    | Reached skill level 25 in Long Blades
 48181 | Geh:7    | Reached skill level 15 in Shields
 48442 | Geh:7    | Identified a +1 cloak of preservation (You found it on level 7 of Gehenna)
 48521 | Geh:7    | Noticed Asmodeus
 48551 | Geh:7    | Killed Asmodeus
 48559 | Geh:7    | Got an obsidian rune of Zot
 48975 | Depths:3 | Reached skill level 26 in Long Blades
 49004 | Depths:3 | Noticed AecTalek's ghost (mighty NaWz)
 49011 | Depths:3 | Killed AecTalek's ghost
 49013 | Depths:3 | RIP bud
 49767 | Depths:4 | Reached skill level 27 in Long Blades
 49969 | Depths:3 | Found a one-way gate leading to the halls of Pandemonium.
 50014 | Depths:3 | Reached XP level 27. HP: 228/240 MP: 40/40
 50057 | Pan      | Entered Pandemonium
 50175 | Pan      | Found an exit through the horrors of the Abyss.
 50210 | Pan      | Got a pitted scale mail
 50211 | Pan      | Identified the cursed -5 scale mail "Nailom" {rC++} (You found it in Pandemonium)
 50472 | Pan      | Noticed Tuabill the pandemonium lord
 50483 | Pan      | Killed Tuabill the pandemonium lord
 50507 | Pan      | Got a demonic rune of Zot
 51077 | Pan      | Gained mutation: Your magical capacity is low (-10% MP). [a cacodemon]
 51310 | Pan      | Got a scintillating pewter ring
 51339 | Pan      | Identified the ring of the Blind Eye {rElec rN+ Acc+7 Dam+3 Stlth++} (You found it in Pandemonium)
 51354 | Pan      | Entered the realm of Lom Lobon.
 51485 | Pan      | Noticed Lom Lobon
 51536 | Pan      | Killed Lom Lobon
 51568 | Pan      | Got a magical rune of Zot
 51934 | Pan      | Upgraded the game from 0.14-a0-1844-g8283a67 to 0.14-a0-1863-gcc20582
 51948 | Pan      | Entered the realm of Gloorx Vloq.
 52101 | Pan      | Noticed Gloorx Vloq
 52175 | Pan      | Killed Gloorx Vloq
 52250 | Pan      | Got a dark rune of Zot
 52427 | Pan      | Entered the realm of Cerebov.
 52652 | Pan      | Got a brightly glowing chain mail
 52743 | Pan      | Noticed Cerebov
 52833 | Pan      | Got a fiery rune of Zot
 52909 | Pan      | Identified the cursed +7 chain mail of the Dragon {+Inv rC+} (You found it in Pandemonium)
 53032 | Pan      | Gained mutation: You occasionally shout uncontrollably. [a neqoxec]
 53446 | Pan      | Gained mutation: Your vision is a little blurry. [a neqoxec]
 53741 | Pan      | Noticed Pomegh the pandemonium lord
 53943 | Pan      | Found an exit through the horrors of the Abyss.
 54280 | Pan      | Gained mutation: You are clumsy. (Dex -2) [a cacodemon]
 54285 | Pan      | Gained mutation: Your body is slowly deteriorating. [a cacodemon]
 54506 | Pan      | Entered the realm of Mnoleg.
 54606 | Pan      | Gained mutation: Your body is deteriorating. [a cacodemon]
 54653 | Pan      | Gained mutation: Space sometimes distorts in your vicinity. [a shining eye]
 54656 | Pan      | Gained mutation: You are frail (-10% HP). [a shining eye]
 54691 | Pan      | Lost mutation: You occasionally shout uncontrollably. [potion of cure mutation]
 54691 | Pan      | Lost mutation: Your vision is a little blurry. [potion of cure mutation]
 54691 | Pan      | Lost mutation: Your body is deteriorating. [potion of cure mutation]
 54691 | Pan      | Lost mutation: You are frail (-10% HP). [potion of cure mutation]
 54747 | Pan      | Noticed Mnoleg
 54770 | Pan      | Killed Mnoleg
 54801 | Pan      | Gained mutation: Your magical capacity is very low (-20% MP). [a shining eye]
 54847 | Pan      | Got a glowing rune of Zot
 54880 | Pan      | Gained mutation: You tend to lose your temper in combat. [a cacodemon]
 55173 | Pan      | Gained mutation: You are dopey. (Int -2) [a neqoxec]
 55354 | Pan      | Gained mutation: You often lose your temper in combat. [a cacodemon]
 55877 | Pan      | Noticed Cloikac the pandemonium lord
 55915 | Pan      | Killed Cloikac the pandemonium lord
 55953 | Pan      | Gained mutation: You are very dopey. (Int -4) [a neqoxec]
 55954 | Depths:3 | Escaped Pandemonium
 56360 | Vaults:2 | Found a staircase to the Enchanted Forest.
 56397 | Forest:1 | Entered Level 1 of the Enchanted Forest
 56651 | Forest:2 | Found a staircase to the Tomb.
 56684 | Tomb:1   | Entered Level 1 of the Tomb of the Ancients
 56861 | Tomb:1   | Slain by a sphinx

Action                   |  1- 3 |  4- 6 |  7- 9 | 10-12 | 13-15 | 16-18 | 19-21 | 22-24 | 25-27 || total
-------------------------+-------+-------+-------+-------+-------+-------+-------+-------+-------++-------
Melee: Falchion          |   107 |    83 |       |       |       |       |       |       |       ||   190
       Scimitar          |       |   103 |    96 |       |       |       |       |       |       ||   199
       Great sword       |       |       |   179 |   295 |       |       |       |       |       ||   474
       Long sword        |       |       |       |   388 |   923 |  1416 |   889 |   419 |       ||  4035
       Claymore          |       |       |       |       |       |   136 |   364 |       |       ||   500
       Eudemon blade     |       |       |       |       |       |       |       |  1879 |  2752 ||  4631
Throw: Throwing net      |       |     1 |     1 |       |       |       |       |       |       ||     2
       Dart              |       |       |    11 |     1 |       |       |       |       |       ||    12
Invok: Divine Shield     |       |       |       |     9 |     3 |    22 |    19 |    21 |    22 ||    96
       Summon Divine War |       |       |       |       |       |     3 |     5 |     2 |    13 ||    23
       Cleansing Flame   |       |       |       |       |       |       |       |       |     4 ||     4
 Abil: Evoke Berserk Rag |       |       |       |     2 |     1 |     8 |     2 |       |     3 ||    16
       Evoke Flight      |       |       |       |       |       |     4 |       |    18 |     4 ||    26
       Evoke Teleport Co |       |       |       |       |       |     2 |     2 |       |     2 ||     6
       Stop Flying       |       |       |       |       |       |     1 |       |     3 |       ||     4
       Evoke Teleportati |       |       |       |       |       |       |       |       |     3 ||     3
Evoke: Wand              |       |       |    15 |    22 |    24 |    46 |    13 |     2 |    13 ||   135
       Rod               |       |       |       |       |     4 |     5 |     9 |     8 |     7 ||    33
       horn of Geryon    |       |       |       |       |       |       |       |     1 |       ||     1
       phial of floods   |       |       |       |       |       |       |       |       |    10 ||    10
       lamp of fire      |       |       |       |       |       |       |       |       |     3 ||     3
  Use: Potion            |     2 |     2 |     2 |    11 |    12 |    20 |    14 |     6 |     5 ||    74
       Scroll            |       |     2 |     4 |    32 |    16 |    37 |    20 |    12 |    32 ||   155
 Stab: Fleeing           |       |       |       |       |       |       |       |     1 |       ||     1
       Distracted        |       |       |       |       |       |       |       |       |     4 ||     4
